 Dungeon Crawl Stone Soup version 0.28-a0-662-g1651b1f1e0 (webtiles) character file.

Game seed: 10359284491007408450

7791 cheechan the Covert (level 11, -6/62 (75) HPs)
             Began as an Octopode Fighter on Oct 13, 2021.
             Was an Initiate of Gozag.
             Killed from afar by Josephine (16 damage)
             ... with a ghostly fireball
             ... on level 9 of the Dungeon on Oct 14, 2021.
             The game lasted 00:50:07 (14323 turns).

cheechan the Covert (Octopode Fighter)             Turns: 14323, Time: 00:50:08

HP:   -6/62 (75)    AC:  1    Str: 16    XL:     11   Next: 20%
MP:   11/11         EV: 20    Int: 16    God:    Gozag
Gold: 508           SH:  7    Dex: 15    Spells: 9/10 levels left

rFire   + . .      SeeInvis .   c - +5 falchion (freeze)
rCold   x . .      Faith    .   b - +2 buckler
rNeg    + . .      Spirit   .   (helmet restricted)
rPois   .          Reflect  .   (no amulet)
rElec   +          Harm     .   d - ring of fire
rCorr   .          Rampage  .   F - ring of Rastro Sise {Fly rElec rN+ Will- Int+6}
Will    .....                   H - +4 ring of evasion
Stlth   ++++++....              (no ring)
HPRegen 0.20/turn               (no ring)
MPRegen 0.12/turn               (no ring)
                                (no ring)
                                (no ring)

@: flying, slowed, heavily drained, very slow
A: almost no armour, amphibious, 8 rings, camouflage 1, gelatinous body 1,
(nimble swimmer 1), tentacles
a: Renounce Religion, Potion Petition, Call Merchant, Bribe Branch


You were on level 9 of the Dungeon.
You worshipped Gozag.
Gozag was pleased with you.
You visited 2 branches of the dungeon, and saw 11 of its levels.

You collected 1765 gold pieces.
You spent 480 gold pieces at shops.
You paid 777 gold pieces to Gozag.

Inventory:

Hand Weapons
 a - a +0 rapier
 c - a +5 falchion of freezing (weapon)
 e - a +0 quarterstaff
 g - a +2 short sword of holy wrath
 h - a +2 short sword of speed
 i - a +3 hunting sling
 l - a +0 falchion
 m - a +2 halberd of venom
 q - a +0 dagger of freezing
 s - a +0 flail of protection
 u - a +3 dagger
 x - a +0 dagger of protection
 z - a +0 long sword
 C - a +2 scythe of venom
 D - a +0 falchion of holy wrath
 E - a +2 dagger of venom
 K - a +1 shortbow of freezing
Missiles
 f - 236 stones (quivered)
 j - 122 arrows
 o - 40 bolts
 w - 30 poisoned darts
 y - 2 boomerangs
 I - 23 sling bullets
Armour
 b - a +2 buckler (worn)
Magical Staves
 t - a staff of death
Jewellery
 d - a ring of fire (left tentacle)
 F - the ring of Rastro Sise (right tentacle) {Fly rElec rN+ Will- Int+6}
   (You found it on level 7 of the Dungeon)

   [ring of intelligence]

   Int:       It affects your intelligence (+6).
   rElec:     It insulates you from electricity.
   rN:        It protects you from negative energy.
   Fly:       It grants you flight.
   Will:      It decreases your willpower.
 H - a +4 ring of evasion (on tentacle)
Wands
 M - a wand of iceblast (9)
Scrolls
 p - 2 scrolls of teleportation
 v - 2 scrolls of noise
 A - a scroll of magic mapping {unknown}
Potions
 n - a potion of magic
 r - 2 potions of brilliance
 B - a potion of flight {unknown}
 G - 3 potions of haste {unknown}
 L - 2 potions of cancellation {unknown}
 N - a potion of heal wounds {unknown}
Miscellaneous
 k - a piece from Xom's chessboard (15/15)


   Skills:
 + Level 7.5 Fighting
 + Level 10.3 Short Blades
 * Level 3.4 Throwing
 + Level 6.7 Dodging
 + Level 11.1 Stealth
 + Level 5.5 Shields
 + Level 2.7 Evocations


You had 9 spell levels left.
You knew the following spells:

 Your Spells              Type           Power      Damage    Failure   Level
a - Animate Skeleton      Necr           0%         N/A       26%         1

Your spell library contained the following spells:

 Spells                   Type           Power      Damage    Failure   Level
 Pain                     Necr           0%         1d4       26%         1
 Sandblast                Erth           0%         2d4       26%         1
 Ensorcelled Hibernation  Hex/Ice        0%         N/A       36%         2
 Passwall                 Tmut/Erth      0%         N/A       36%         2
 Sublimation of Blood     Necr           0%         N/A       36%         2
 Wereblood                Tmut           0%         N/A       36%         2
 Dazzling Flash           Conj/Hex       0%         N/A       58%         3
 Gell's Gravitas          Tloc           0%         N/A       58%         3
 Portal Projectile        Hex/Tloc       0%         N/A       58%         3
 Stone Arrow              Conj/Erth      0%         3d7       58%         3
 Teleport Other           Tloc           0%         N/A       58%         3
 Vampiric Draining        Necr           0%         2d6       58%         3
 Fulminant Prism          Conj/Hex       0%         3d6       94%         4
 Iskenderun's Mystic Bla  Conj/Tloc      0%         2d3       94%         4
 Blade Hands              Tmut           0%         N/A       100%        5
 Dispersal                Tloc           0%         N/A       100%        6
 Iron Shot                Conj/Erth      0%         9d1       100%        6
 Starburst                Conj/Fire      0%         6d3       100%        6
 Summon Hydra             Summ           0%         N/A       100%        7
 Discord                  Hex            0%         N/A       100%        8
 Animate Armour           Summ/Erth      Unusable   N/A       N/A         4

Dungeon Overview and Level Annotations

Branches:
Dungeon (10/15)            Temple (1/1) D:5            Lair (0/6) D:9
    Orc: D:9-12

Altars:
Ashenzari
Gozag
Makhleb
Okawaru
Ru
Vehumet
Yredelemnul

Shops:
D:4 ?   D:8 *

Annotations:
D:9 Josephine
D:10 1 transporter


Innate Abilities, Weirdness & Mutations

You cannot wear most types of armour.
You are amphibious.
You can wear up to eight rings at the same time.
Your skin changes colour to match your surroundings (Stealth+).
Your rubbery body absorbs attacks. (AC +1, EV +1)
((You are camouflaged near water. (Stealth+)))
You have tentacles for arms and can constrict up to eight enemies at once.


Message History

The wraith misses you.
You hit the wraith but do no damage.
The wraith is heavily damaged.
The wraith barely misses you. You block Josephine's attack.
The wraith barely misses you. You block Josephine's attack.
The wraith completely misses you. x2
You hit the wraith but do no damage.
The wraith is heavily damaged.
The wraith hits you. The wraith drains your vigour!
You feel as though you will be slow longer.
Josephine hits you with a +0 dagger. The wraith hits you!
The wraith drains your vigour!
You feel as though you will be slow longer.
The wraith hits you! Josephine completely misses you.
You block the wraith's attack. The wraith barely misses you.
Josephine grins malevolently.
Josephine hits you with a +0 dagger. The wraith barely misses you.
You fly upwards.
There is a stone staircase leading down here.
You hit the wraith but do no damage.
The wraith is heavily damaged.
The wraith hits you!
* * * LOW HITPOINT WARNING * * *
You block Josephine's attack. The wraith barely misses you.
You feel better. The wraith misses you.
Josephine gestures at you while chanting.
The ghostly flame explodes!
The ghostly fireball engulfs you! You partially resist.
You feel drained.
* * * LOW HITPOINT WARNING * * *
The ghostly fireball engulfs the wraith.
The wraith completely resists.
The ghostly fireball engulfs the wraith.
The wraith completely resists.
The ghostly fireball engulfs Josephine.
Josephine completely resists.
The wraith closely misses you. You block the wraith's attack.
Josephine points at you and mumbles some strange words.
The ghostly flame explodes!
The ghostly fireball engulfs you! You partially resist.
You feel drained.
You die...
Your body crumbles into a pile of gold.

#.# #.......# # #.#
#...###.######### #
#####'###...#.....##....###
#......##...#.#.#..'.....##
#......##...#.#.####.....##
#......#......#............
#######....[.#.#..#######......#.
#......####'##..W..............#.
#......####.##.W@........####..'.
.......'........@........ #.#..#.
.......####.##....#...... #....#.
.......# #.##....#########.#.##'
.......# #.##.......)......#....
.......# #.###^##..>............
.......####.###..................
.#####...##.....#####.########...
.# #...##.....'................


You could see Josephine and 2 wraiths.

Vanquished Creatures
  A centaur warrior (D:9)
  A gargoyle (D:8)
  A meliai (D:7)
  A hornet (D:9)
  Prince Ribbit (D:7)
  Sigmund (D:6)
  6 wyverns
  7 yaks (D:9)
  A wraith (D:10)
  A basilisk (D:9)
  An acid dragon (D:9)
  3 water moccasins
  Duvessa (D:7)
  3 sky beasts
  2 black bears
  3 ice beasts
  A necrophage (D:6)
  4 ogres
  2 centaurs
  A phantom (D:5)
  A kobold brigand (D:7)
  A bullfrog (D:7)
  Dowan (D:7)
  A wyvern zombie (D:9)
  A wyvern skeleton (D:7)
  3 water moccasin skeletons
  11 wights
  A howler monkey (D:7)
  3 centaur zombies
  A bullfrog zombie (D:6)
  3 gnoll shamans
  2 jellies
  5 orc priests
  3 hounds
  A bullfrog skeleton (D:5)
  A centaur skeleton (D:6)
  6 iguanas
  6 orc wizards
  A killer bee zombie (D:7)
  6 adders
  12 gnolls
  A shadow imp (D:5)
  4 white imps
  An ufetubus (D:4)
  An adder skeleton (D:4)
  A worm (D:4)
  2 dart slugs
  16 orcs
  8 endoplasms
  2 giant cockroaches (D:2)
  6 goblins
  6 hobgoblins
  11 kobolds
  2 ball pythons
  5 bats
  3 frilled lizards
  6 rats
  A spectral kobold (D:2)
188 creatures vanquished.

Vanquished Creatures (others)
  A bat (D:3)
  A bush (D:9)
  4 fungi (D:9)
  25 plants
31 creatures vanquished.

Grand Total: 219 creatures vanquished

Notes
Turn   | Place    | Note
-------+----------+-------------------------------------------
     0 | D:1      | cheechan the Octopode Fighter began the quest for the Orb.
     0 | D:1      | Reached XP level 1. HP: 16/16 MP: 1/1
   386 | D:1      | Reached XP level 2. HP: 21/21 MP: 2/2
   925 | D:2      | Got Otasum's Volume of Malediction
   928 | D:2      | Found a faded altar of an unknown god.
  1026 | D:2      | Reached XP level 3. HP: 21/26 MP: 3/3
  1069 | D:2      | Reached skill level 1 in Stealth
  1213 | D:2      | Found an opulent altar of Gozag.
  1242 | D:2      | Became a worshipper of Gozag Ym Sagoz the Greedy
  1499 | D:3      | Reached XP level 4. HP: 24/31 MP: 4/4
  2053 | D:3      | Noticed a sky beast
  2067 | D:3      | Killed a sky beast
  2068 | D:3      | Reached skill level 2 in Stealth
  2068 | D:3      | Reached XP level 5. HP: 11/37 MP: 5/5
  2903 | D:4      | Reached skill level 3 in Stealth
  3163 | D:4      | Reached XP level 6. HP: 37/43 MP: 6/6
  3263 | D:4      | Found Feelittuw's Magic Scroll Boutique.
  3296 | D:4      | Bought a scroll of identify for 20 gold pieces
  3296 | D:4      | Bought a scroll of identify for 20 gold pieces
  3296 | D:4      | Bought a scroll of enchant armour for 75 gold pieces
  3296 | D:4      | Bought a scroll of noise for 10 gold pieces
  3296 | D:4      | Bought a scroll of fear for 35 gold pieces
  3504 | D:4      | Reached skill level 4 in Stealth
  3763 | D:5      | Entered Level 5 of the Dungeon
  3769 | D:5      | Found a broken altar of Ashenzari.
  4141 | D:5      | Reached skill level 5 in Stealth
  4141 | D:5      | Reached XP level 7. HP: 39/48 MP: 7/7
  4298 | D:5      | Reached skill level 6 in Stealth
  4555 | D:5      | Reached skill level 7 in Stealth
  4787 | D:5      | Reached skill level 5 in Short Blades
  4787 | D:5      | Reached XP level 8. HP: 28/54 MP: 8/8
  5157 | D:5      | Reached skill level 1 in Evocations
  5377 | D:5      | Found a staircase to the Ecumenical Temple.
  5415 | Temple   | Entered the Ecumenical Temple
  5649 | D:6      | Reached skill level 8 in Stealth
  5996 | D:6      | Reached skill level 5 in Fighting
  6532 | D:6      | Reached XP level 9. HP: 52/61 MP: 9/9
  6582 | D:6      | Learned a level 1 spell: Animate Skeleton
  7183 | D:6      | Noticed Sigmund
  7187 | D:6      | Killed Sigmund
  7297 | D:6      | Found an iron altar of Okawaru.
  7360 | D:6      | Reached skill level 9 in Stealth
  7538 | D:7      | Noticed a meliai
  7538 | D:7      | a centaur changed into a meliai
  7829 | D:7      | Killed a meliai
  7830 | D:7      | Reached skill level 5 in Dodging
  8066 | D:7      | Noticed Prince Ribbit
  8075 | D:7      | Killed Prince Ribbit
  8794 | D:7      | Noticed Duvessa
  8795 | D:7      | Noticed Dowan
  8801 | D:7      | Killed Duvessa
  8802 | D:7      | Reached XP level 10. HP: 68/68 MP: 10/10
  8809 | D:7      | Killed Dowan
  9325 | D:7      | Identified the ring of Rastro Sise {Fly rElec rN+ Will-
                  | Int+6}
  9921 | D:8      | Reached skill level 10 in Stealth
 10362 | D:8      | Noticed a gargoyle
 10382 | D:8      | Killed a gargoyle
 10727 | D:8      | Bought a piece from Xom's chessboard (15/15) for 320 gold
                  | pieces
 10906 | D:9      | Found a burning altar of Makhleb.
 11196 | D:9      | Reached skill level 1 in Throwing
 11397 | D:9      | Found a staircase to the Lair.
 11482 | D:9      | Reached skill level 5 in Shields
 11691 | D:9      | Noticed a centaur warrior
 11710 | D:9      | Killed a centaur warrior
 12211 | D:9      | Paralysed by a hornet for 1 turns
 12224 | D:9      | Reached skill level 10 in Short Blades
 12224 | D:9      | Reached skill level 11 in Stealth
 12228 | D:9      | Reached XP level 11. HP: 59/75 MP: 11/11
 12397 | D:9      | Upgraded the game from 0.28-a0-657-g71136c5590 to
                  | 0.28-a0-662-g1651b1f1e0
 12449 | D:9      | Found a basalt altar of Yredelemnul.
 12455 | D:9      | Found a sacrificial altar of Ru.
 13536 | D:10     | Entered Level 10 of the Dungeon
 13707 | D:10     | Noticed Josephine
 13708 | D:10     | Found a transporter.
 14323 | D:9      | Killed from afar by Josephine

Illustrated notes

Levels and vault maps discovered:
D:1:      kilobyte_arrival_exit_the_forest, layout_rooms
D:2:      layout_rooms, dreamdust_ecumenical_altar_drowned_temple, basic_altar
D:3:      layout_loops_ring, kennysheep_generic_room_2
D:4:      layout_loops_cross, serial_shops, nicolae_diamond_shop
D:5:      minmay_evil_eye, layout_rooms, mainiacjoe_overflow_cross_hatched,
          minmay_temple_entry_statues_pillars
D:6:      layout_basic, okawaru_metal_pillars_1_2, st_stairs_10, minivault_22,
          kennysheep_generic_room_8, uniq_crazy_yiuf_cottage, uniq_sigmund
D:7:      minmay_skewed_foursquare, layout_cave_pods, uniq_duvessa,
          uniq_prince_ribbit1
D:8:      layout_basic, grunt_decor_one_mirror
D:9:      layout_basic, mainiacjoe_overflow_chevrons,
          mainiacjoe_overflow_catwalk_spiral, minmay_lair_entry_grove
D:10:     minmay_goldmine, layout_rooms, lemuel_tele_altar,
          gammafunk_ghost_stat_death, minmay_microvault, uniq_josephine
Temple:   regret_index_temple_sphere_string

Skill      XL: |  1  2  3  4  5  6  7  8  9 10 11 |
---------------+----------------------------------+-----
Stealth        | 1 2 3 5 7 8 9 11 | 11.1
Short Blades   | 3 4 5 7 8 10 | 10.3
Fighting       | 4 5 6 7 |  7.5
Dodging        | 4 5 6 |  6.7
Evocations     | 2 |  2.7
Shields        | 4 5 |  5.5
Throwing       | 2 3 |  3.4

Action                   |  1- 3 |  4- 6 |  7- 9 | 10-12 || total
-------------------------+-------+-------+-------+-------++-------
Melee: Rapier            |    14 |       |       |       ||    14
       Tentacles         |    16 |    24 |    73 |    93 ||   206
       Constrict         |    14 |    18 |    45 |    18 ||    95
       Short sword       |    46 |    97 |   279 |   287 ||   709
       Falchion          |       |       |       |    27 ||    27
Invok: Call Merchant     |       |       |       |     1 ||     1
Evoke: Wand              |       |     1 |    11 |     3 ||    15
  Use: Scroll            |     2 |     3 |     7 |     3 ||    15
       Potion            |       |       |     3 |     2 ||     5
 Stab: Sleeping          |     3 |    13 |     8 |     5 ||    29
       Distracted        |       |       |     1 |     1 ||     2
Armor: Skin              |     5 |     5 |    11 |     4 ||    25
Dodge: Dodged            |    34 |    26 |    94 |   132 ||   286
Block: Buckler           |    18 |    13 |    40 |    57 ||   128

Table legend: (Time is in decaauts)
 A = Elapsed time spent in this place.
 B = Non-inter-level travel time spent in this place.
 C = Inter-level travel time spent in this place.
 D = Time resting spent in this place.
 E = Time spent auto-exploring this place.
 F = Levels seen in this place.
 G = Mean time per level.
                   A        B        C        D        E       F      G
               +--------+--------+--------+--------+--------+-----+--------+
         Total |  13992 |  13992 |      0 |   6486 |     53 |  11 | 1272.0 |
       Dungeon |  13981 |  13981 |      0 |   6486 |     53 |  10 | 1398.1 |
        Temple |     11 |     11 |      0 |      0 |      0 |   1 |   11.0 |
               +--------+--------+--------+--------+--------+-----+--------+

Top non-repeatable levels by time:
     D:9: 3106 daAuts
     D:6: 2694 daAuts
     D:7: 1654 daAuts
     D:3: 1457 daAuts
     D:8: 1363 daAuts
     D:5: 1220 daAuts
     D:4: 854 daAuts
     D:1: 723 daAuts
     D:2: 685 daAuts
    D:10: 222 daAuts
  Temple: 11 daAuts
